 Dungeon Crawl Stone Soup version 0.19-a0-1193-g2641e52 (webtiles) character file.

210 mistymad the Ruffian (level 5, -6/48 HPs)
             Began as a Troll Warper on Aug 19, 2016.
             Killed by nerve-wracking pain
             ... invoked by an orc priest
              (9 damage)
             ... on level 4 of the Dungeon.
             The game lasted 00:06:43 (2438 turns).

mistymad the Ruffian (Troll Warper)                 Turns: 2438, Time: 00:06:44

Health: -6/48      AC:  6    Str: 19    XL:     5   Next: 56%
Magic:  14/14      EV: 13    Int: 10    God:
Gold:   128        SH:  0    Dex:  9    Spells: 1 memorised, 5 levels left

rFire  . . .     SeeInvis .       - Unarmed
rCold  . . .     Gourm    +     a - +1 robe
rNeg   . . .     Faith    .     (no shield)
rPois  .         Spirit   .     (helmet restricted)
rElec  .         Dismiss  .     (no cloak)
rCorr  .         Reflect  .     (gloves unavailable)
MR     .....     Harm     .     (boots unavailable)
Stlth  +.........               (no amulet)
                                s - ring of magical power (curse)
                                p - +3 ring of evasion

@: no status effects
A: unfitting armour, claws 3, fast metabolism 3, gourmand, regeneration 2,
shaggy fur 1, tough skin 2
a: no special abilities


You were on level 4 of the Dungeon.
You were very full.

You visited 1 branch of the dungeon, and saw 4 of its levels.

You collected 128 gold pieces.

Inventory:

Missiles
 j - 4 javelins
 w - 5 tomahawks (quivered)
Armour
 a - a +1 robe (worn)
Jewellery
 p - a +3 ring of evasion (left claw)
 s - a cursed ring of magical power (right claw)
Wands
 d - a wand of random effects (28/48)
Scrolls
 c - 2 scrolls of blinking
 g - 2 scrolls of identify
 m - 2 scrolls of remove curse
 n - 2 scrolls of fear
 t - a scroll of noise {unknown}
 v - a scroll of teleportation {unknown}
Potions
 e - 2 potions of curing
 h - 3 potions of ambrosia {unknown}
 q - a potion of haste {unknown}
 x - a potion of flight {unknown}
Books
 b - a book of Spatial Translocations

   Spells                             Type                      Level
   a - Apportation                    Translocation                1
   b - Blink                          Translocation                2
   c - Shroud of Golubria             Charms/Translocation         2
   d - Portal Projectile              Translocation                3
   e - Teleport Other                 Translocation                3
   f - Passage of Golubria            Translocation                4
 r - a book of Callings

   Spells                             Type                      Level
   a - Summon Small Mammal            Summoning                    1
   b - Call Imp                       Summoning                    2
   c - Call Canine Familiar           Summoning                    3
   d - Summon Guardian Golem          Hexes/Summoning              3
   e - Summon Lightning Spire         Summoning/Air                4
   f - Summon Ice Beast               Ice/Summoning                4
Comestibles
 f - 4 bread rations
 i - 5 fruits
 l - a meat ration
 o - a royal jelly
 u - 6 chunks of flesh


   Skills:
 - Level 1.5 Fighting
 + Level 2.6 Throwing
 - Level 1.9 Dodging
 + Level 5.1 Unarmed Combat
 - Level 1.2 Spellcasting
 - Level 2.1 Translocations


You had 5 spell levels left.
You knew the following spells:

 Your Spells              Type           Power        Failure   Level  Hunger
a - Apportation           Tloc           #.........   14%         1    ##.....


Dungeon Overview and Level Annotations

Branches:
Dungeon (4/15)
 Temple: D:4-7

Altars:
Ru
Vehumet
Xom


Innate Abilities, Weirdness & Mutations

You are too large for most types of armour.
You have claws for hands.
Your metabolism is lightning-fast.
You like to eat raw meat.
You heal very quickly.
You are covered in fur. (AC +1)
You have very tough skin. (AC +2)


Message History

You take 14 damage, and have 27/48 hp.
MASSIVE DAMAGE!!
The orc wizard barely misses you.
The orc priest invokes the aid of Beogh against you.
Beogh smites you!
You take 7 damage, and have 20/48 hp.
You closely miss the orc priest.
The orc priest is lightly wounded.
The orc priest calls down the wrath of Beogh upon you.
Beogh smites you!
* * * LOW HITPOINT WARNING * * *
The orc wizard barely misses you.
You take 14 damage, and have 6/48 hp.
MASSIVE DAMAGE!!
You closely miss the orc priest.
The orc priest is lightly wounded.
The orc wizard casts a spell at you. The magic dart hits you!
* * * LOW HITPOINT WARNING * * *
The orc priest invokes the aid of Beogh against you.
Pain shoots through your body!
You die...

#. #. #. . #. (.#
#.
o.(.##.########
o..oo...oo....#
##o.o@.##.#######
#####.##.......#
#.##.....).#
#.##.......#
#.##.......#
#.##.......#
#.##.......#
#.##.......#
#.#####.####


You could see 2 orc priests, an orc wizard and 3 orcs.

Vanquished Creatures
  An orc priest (D:3)
  Terence (D:3)
  5 adders
  An ooze (D:1)
  2 dart slugs
  6 giant geckos
  11 orcs (D:3)
  A giant cockroach (D:3)
  4 goblins
  11 hobgoblins
  13 jackals
  A quokka (D:4)
  A ball python (D:3)
  6 bats
  2 giant newts (D:1)
  10 kobolds
  7 rats
  2 butterflies (D:4)
85 creatures vanquished.

Vanquished Creatures (others)
  A worm (D:3)
1 creature vanquished.

Grand Total: 86 creatures vanquished

Notes
Turn   | Place    | Note
-------+----------+-------------------------------------------
     0 | D:1      | mistymad the Troll Warper began the quest for the Orb.
     0 | D:1      | Reached XP level 1. HP: 19/19 MP: 1/1
   200 | D:1      | Reached XP level 2. HP: 27/27 MP: 2/2
   208 | D:1      | Reached skill level 3 in Unarmed Combat
   982 | D:2      | Reached XP level 3. HP: 30/33 MP: 3/3
  1112 | D:2      | Reached skill level 4 in Unarmed Combat
  1593 | D:3      | Found a radiant altar of Vehumet.
  1603 | D:3      | Found a sacrificial altar of Ru.
  1661 | D:3      | Reached skill level 1 in Throwing
  1661 | D:3      | Reached XP level 4. HP: 29/41 MP: 4/4
  1912 | D:3      | Reached XP level 5. HP: 48/48 MP: 5/5
  2117 | D:3      | Noticed Terence
  2131 | D:3      | Killed Terence
  2131 | D:3      | Reached skill level 5 in Unarmed Combat
  2380 | D:4      | Found a shimmering altar of Xom.
  2438 | D:4      | Killed from afar by an orc priest

Vault maps used:
D:1:      eino_arrival_tree_alley, serial_bayou_lake_a
D:2:      nicolae_overflow_hidden_temple
D:3:      corexii_shack_village, fiery_altar_vehumet, grunt_ministairs_2,
          nicolae_ru_sacrificial_ziggurat, uniq_terence
D:4:      wad_pebble_path, xom_butterflies, uniq_natasha

Skill      XL: |  1  2  3  4  5 |
---------------+----------------+-----
Unarmed Combat | 3 4 5 |  5.1
Throwing       | 1 2 |  2.6
Fighting       | |  1.5
Dodging        | |  1.9
Spellcasting   | |  1.2
Translocations | |  2.1

Action                   |  1- 3 |  4- 6 || total
-------------------------+-------+-------++-------
Melee: Unarmed           |   124 |   118 ||   242
       Punch             |     2 |     4 ||     6
Throw: Tomahawk          |       |     8 ||     8
       Javelin           |       |     1 ||     1
  Use: Scroll            |     5 |       ||     5
 Stab: Sleeping          |     1 |       ||     1
  Eat: Chunk             |    19 |     9 ||    28
Armor: Robe              |    58 |    26 ||    84
Dodge: Dodged            |    76 |    69 ||   145
